 Dungeon Crawl Stone Soup version 0.19.4 (webtiles) character file.

482 JeffiDaFish the Stinger (level 6, 0/44 HPs)
             Began as a Demonspawn Venom Mage on Feb 4, 2017.
             Succumbed to a scorpion's poison
             ... on level 4 of the Dungeon.
             The game lasted 00:18:39 (4934 turns).

JeffiDaFish the Stinger (Demonspawn Venom Mage)     Turns: 4934, Time: 00:18:40

Health: 0/44       AC:  5    Str:  8    XL:     6   Next: 87%
Magic:  4/11       EV: 12    Int: 16    God:
Gold:   266        SH:  0    Dex: 16    Spells: 3 memorised, 3 levels left

rFire  . . .     SeeInvis .     g - +4 hand axe
rCold  . . .     Gourm    .     k - +0 leather armour
rNeg   . . .     Faith    .     (no shield)
rPois  .         Spirit   +     (helmet restricted)
rElec  .         Reflect  .     (no cloak)
rCorr  +         Harm     .     (no gloves)
MR     .....                    (no boots)
Stlth  ++........               n - amulet of guardian spirit
                                (no ring)
                                l - ring of resist corrosion

@: lethally poisoned (0 -> -8), very slightly contaminated, hasted, very quick
A: antennae 2, yellow scales 1, rot immunity
a: no special abilities


You were on level 4 of the Dungeon.
You were hungry.

You visited 1 branch of the dungeon, and saw 5 of its levels.

You collected 266 gold pieces.

Inventory:

Hand Weapons
 g - a +4 hand axe (weapon)
Armour
 k - a +0 leather armour (worn)
Jewellery
 l - a ring of resist corrosion (left hand)
 n - an amulet of guardian spirit (around neck)
Scrolls
 f - 5 scrolls of remove curse
 h - 2 scrolls of teleportation
 m - a scroll of fog
 o - 2 scrolls of identify
Potions
 r - a potion of cure mutation
Books
 b - a Young Poisoner's Handbook

   Spells                             Type                      Level
   a - Sting                          Conjuration/Poison           1
   b - Mephitic Cloud                 Conjuration/Poison/Air       3
   c - Olgreb's Toxic Radiance        Poison                       4
   d - Alistair's Intoxication        Transmutation/Poison         5
   e - Venom Bolt                     Conjuration/Poison           5
 i - a book of Maledictions

   Spells                             Type                      Level
   a - Corona                         Hexes                        1
   b - Ensorcelled Hibernation        Hexes/Ice                    2
   c - Confuse                        Hexes                        3
   d - Tukima's Dance                 Hexes                        3
   e - Dazzling Spray                 Conjuration/Hexes            3
Comestibles
 c - 5 bread rations
 d - a meat ration
 j - a beef jerky
 p - 7 chunks of flesh


   Skills:
 + Level 2.2 Fighting
 + Level 2.0 Axes
 + Level 2.5 Dodging
 + Level 2.8 Stealth
 * Level 3.6 Spellcasting
 + Level 1.4 Conjurations
 + Level 1.5 Air Magic
 + Level 5.1 Poison Magic


You had 3 spell levels left.
You knew the following spells:

 Your Spells              Type           Power        Failure   Level  Hunger
a - Sting                 Conj/Pois      ##..         10%         1    None
b - Mephitic Cloud        Conj/Pois/Air  ##......     28%         3    ###....
c - Alistair's Intoxicat  Tmut/Pois      ##......     100%        5    ######.


Dungeon Overview and Level Annotations

Branches:
Dungeon (5/15)
 Temple: D:4-7

Altars:
Cheibriados
Elyvilon
Fedhas
Nemelex Xobeh
Sif Muna
Zin

Annotations:
D:3 exclusion: oklob plant
D:5 Millea's ghost, novice DDFi


Innate Abilities, Weirdness & Mutations

You have a pair of antennae on your head.
You are partially covered in yellow scales. (AC +2)
You are immune to rotting.


Message History

* * * LOW HITPOINT WARNING * * *
You feel sick.
You see here a book of Minor Magic.
You bump into the rock wall.
* * * LOW HITPOINT WARNING * * *
You feel sick.
You bump into the rock wall.
You're too confused to move!
* * * LOW HITPOINT WARNING * * *
You feel sick.
You bump into the rock wall.
* * * LOW HITPOINT WARNING * * *
You feel sick.
You see here a ring mail.
You bump into the rock wall.
* * * LOW HITPOINT WARNING * * *
You feel sick.
You bump into the rock wall.
You feel less confused.
You die...

###......####.##.##.#######.#
# .................##.# #.# #
###......####..#.##.#### #.#
# ###......# ##.#.#.....# #.#
# .........#####.#.#####.#
#.# # ............##.#.# #.#
#.# #
.....##....(##..:#####.####.#
.....##.....###.[##......##.#
#######.....###.@##......##.#
#..........##......##.#
#..........##......'..#
####.......##......####
#.......######### #.......#
#.......# #.......# #########


There were no monsters in sight!

Vanquished Creatures
  A howler monkey (D:3)
  2 hounds
  An orc priest (D:4)
  An iguana (D:4)
  5 worker ants
  8 gnolls
  5 adders (D:3)
  An ooze (D:2)
  2 dart slugs
  2 leopard geckos
  6 orcs
  10 bats
  4 giant cockroaches
  4 goblins
  10 hobgoblins
  4 jackals (D:1)
  A quokka (D:3)
  2 ball pythons
  6 frilled lizards
  7 kobolds
  A quokka skeleton (D:5)
  5 rats
88 creatures vanquished.

Notes
Turn   | Place    | Note
-------+----------+-------------------------------------------
     0 | D:1      | JeffiDaFish the Demonspawn Venom Mage began the quest for the Orb.
     0 | D:1      | Reached XP level 1. HP: 13/13 MP: 3/3
   341 | D:1      | Gained mutation: You have a pair of small antennae on your head. [demonic ancestry]
   341 | D:1      | Reached XP level 2. HP: 15/19 MP: 1/5
   933 | D:1      | Gained mutation: You have a pair of antennae on your head. [demonic ancestry]
   933 | D:1      | Reached XP level 3. HP: 22/25 MP: 0/6
  1324 | D:2      | Found a white marble altar of Elyvilon.
  1440 | D:2      | Found a snail-covered altar of Cheibriados.
  1454 | D:2      | Found a deep blue altar of Sif Muna.
  1763 | D:2      | Found a sparkling altar of Nemelex Xobeh.
  1817 | D:3      | Learned a level 3 spell: Mephitic Cloud
  1896 | D:3      | Found a glowing silver altar of Zin.
  1985 | D:3      | Gained mutation: You are partially covered in yellow scales. (AC +2) [demonic ancestry]
  1985 | D:3      | Reached XP level 4. HP: 31/31 MP: 3/8
  2134 | D:3      | Reached skill level 1 in Fighting
  2134 | D:3      | Reached skill level 1 in Axes
  2144 | D:3      | Reached XP level 5. HP: 22/37 MP: 1/9
  2149 | D:3      | Reached skill level 1 in Conjurations
  2742 | D:3      | Found a blossoming altar of Fedhas.
  2800 | D:3      | Noticed an oklob plant
  2888 | D:3      | HP: 1/37 [adder (4)]
  3135 | D:3      | Learned a level 5 spell: Alistair's Intoxication
  3393 | D:4      | Reached skill level 1 in Air Magic
  3530 | D:4      | Gained mutation: You are immune to rotting. [demonic ancestry]
  3530 | D:4      | Reached XP level 6. HP: 19/43 MP: 1/11
  4280 | D:5      | Entered Level 5 of the Dungeon
  4687 | D:5      | Reached skill level 5 in Poison Magic
  4739 | D:5      | Noticed Millea's ghost (novice DDFi)
  4930 | D:4      | HP: 2/44 [poisoned by a scorpion]
  4934 | D:4      | Succumbed to a scorpion's poison

Skill      XL: |  1  2  3  4  5  6 |
---------------+-------------------+-----
Stealth        | 2 |  2.8
Dodging        | 2 |  2.5
Fighting       | 1 2 |  2.2
Axes           | 1 2 |  2.0
Conjurations   | 1 |  1.4
Spellcasting   | 3 |  3.6
Air Magic      | 1 |  1.5
Poison Magic   | 5 |  5.1

Action                   |  1- 3 |  4- 6 || total
-------------------------+-------+-------++-------
Melee: Hand axe          |    62 |   147 ||   209
 Cast: Sting             |    56 |    41 ||    97
       Mephitic Cloud    |       |    11 ||    11
  Use: Scroll            |    12 |     4 ||    16
       Potion            |     6 |     4 ||    10
 Stab: Sleeping          |     2 |     1 ||     3
       Confused          |       |     9 ||     9
  Eat: Chunk             |     4 |    11 ||    15
Armor: Robe              |    15 |       ||    15
       Leather armour    |     2 |    35 ||    37
Dodge: Dodged            |    58 |   110 ||   168
